TOP OF THE 1ST |
Oregon State University Beavers batting - Pitching for University of Maine Black Bears : RHP Efren Ybanez
|
Pitching: RHP Efren Ybanez
|
|
Batting: RHB Tony Gallegos
|
0-0: Called Strike 0-1: Ball 1-1: Ball 2-1: Foul Ball, location: 2F 2-2: Foul Ball, location: 2F 2-2: Foul Ball, location: 2F 2-2: Ball 3-2: Fly out, F8 (Flyball, 8LM, EV 98.8 MPH)
|
Batting: RHB Joel Gomez
|
0-0: Ball 1-0: Ball 2-0: Ball 3-0: Base on Balls
|
Batting: LHB Borislav Draganov
|
0-0: Ball 1-0: Ball 2-0: Ball 3-0: Base on Balls Joel Gomez to second
|
Batting: LHB Edwin Bautista
|
0-0: Foul Ball, location: 2F 0-1: Ball 1-1: Fly out, F8 (Flyball, 78S, EV 96.9 MPH)
|
Batting: RHB Itocravo Arrochela
|
0-0: Fielders Choice at 2nd, 6-4 (Groundball, 6, EV 85.6 MPH)
|
Top of the 1st over - 0 runs, 0 hits, 0 errors, 2 left on base; Oregon State University 0 - University of Maine 0 |
BOTTOM OF THE 1ST |
University of Maine Black Bears batting - Pitching for Oregon State University Beavers : RHP Mike Randell
|
Pitching: RHP Mike Randell
|
|
Batting: RHB Wataru Tani
|
0-0: SINGLE (Line Drive, 9LS, EV 105.0 MPH)
|
Batting: RHB Juan Bonilla
|
0-0: Ball 1-0: Ball 2-0: Foul Ball, location: 2F 2-1: Called Strike Wataru Tani is caught stealing 2nd base 2-4 2-2: Ball 3-2: Ground out 5-3 (Groundball, 56, EV 106.9 MPH)
|
Batting: RHB Alvin Garcia
|
0-0: Called Strike 0-1: Ball 1-1: Foul Ball, location: 2F 1-2: Strikes out looking
|
Bottom of the 1st over - 0 runs, 1 hit, 0 errors, 0 left on base; Oregon State University 0 - University of Maine 0 |
TOP OF THE 2ND |
Oregon State University Beavers batting - Pitching for University of Maine Black Bears : RHP Efren Ybanez
|
Batting: RHB Hisao Takei
|
0-0: Swinging Strike 0-1: SINGLE (Groundball, 56D, EV 100.6 MPH)
|
Batting: RHB Seth Fox
|
0-0: Foul Ball, location: 2F 0-1: Called Strike 0-2: Ground out 5-3 (Groundball, 56S, EV 69.4 MPH) Hisao Takei to second
|
Batting: LHB Mike Becerra
|
0-0: Ball 1-0: Ball 2-0: Swinging Strike 2-1: Fly out, F8 (Flyball, 89D, EV 98.8 MPH)
|
Batting: RHB Noel Bodkin
|
0-0: Ball 1-0: Hit by Pitch
|
Batting: RHB Tony Gallegos
|
0-0: Ball 1-0: Ball 2-0: Ball 3-0: Base on Balls Hisao Takei to third Noel Bodkin to second
|
Batting: RHB Joel Gomez
|
0-0: Called Strike 0-1: Ball 1-1: Foul Ball, location: 2F 1-2: Strikes out swinging
|
Top of the 2nd over - 0 runs, 1 hit, 0 errors, 3 left on base; Oregon State University 0 - University of Maine 0 |
BOTTOM OF THE 2ND |
University of Maine Black Bears batting - Pitching for Oregon State University Beavers : RHP Mike Randell
|
Batting: RHB Clark Meagher
|
0-0: Ball 1-0: Swinging Strike 1-1: Foul Ball, location: 2F 1-2: Ball 2-2: Ball 3-2: Ground out 4-3 (Groundball, 4, EV 91.9 MPH)
|
Batting: RHB Jeff McClellan
|
0-0: SINGLE (Groundball, 4D, EV 95.6 MPH)
|
Batting: RHB Ivan Navar
|
0-0: Called Strike 0-1: Swinging Strike 0-2: Ball 1-2: Foul Ball, location: 2F 1-2: Fly out, F8 (Line Drive, 8LD, EV 95.6 MPH)
|
Batting: RHB Konrad van Oosterhout
|
Pickoff Throw to First - Out! 1-3
|
Bottom of the 2nd over - 0 runs, 1 hit, 0 errors, 0 left on base; Oregon State University 0 - University of Maine 0 |
TOP OF THE 3RD |
Oregon State University Beavers batting - Pitching for University of Maine Black Bears : RHP Efren Ybanez
|
Batting: LHB Borislav Draganov
|
0-0: Ball 1-0: SINGLE (Groundball, 5D, EV 99.4 MPH)
|
Batting: LHB Edwin Bautista
|
0-0: Ball 1-0: Ball 2-0: Ball 3-0: Swinging Strike 3-1: Fly out, F7 (Flyball, 7, EV 78.1 MPH)
|
Batting: RHB Itocravo Arrochela
|
0-0: Ball 1-0: Called Strike 1-1: Ball 2-1: Foul Ball, location: 2F 2-2: Fielders Choice at 2nd, 6-4 (Groundball, 6, EV 82.5 MPH)
|
Batting: RHB Hisao Takei
|
0-0: Ground out 1-3 (Groundball, 34S, EV 67.5 MPH)
|
Top of the 3rd over - 0 runs, 1 hit, 0 errors, 1 left on base; Oregon State University 0 - University of Maine 0 |
BOTTOM OF THE 3RD |
University of Maine Black Bears batting - Pitching for Oregon State University Beavers : RHP Mike Randell
|
Batting: RHB Konrad van Oosterhout
|
0-0: Ball 1-0: SINGLE (Groundball, 34D, EV 102.5 MPH)
|
Batting: RHB Ignacio Zapata
|
0-0: Foul Ball, location: 2F 0-1: Ball 1-1: Fly out, F4 (Popup, 4M, EV 72.5 MPH)
|
Batting: RHB Chris Arroyo
|
0-0: SINGLE (Groundball, 34S, EV 85.0 MPH) (infield hit) Konrad van Oosterhout to second
|
Batting: RHB Wataru Tani
|
0-0: Ball 1-0: Foul Ball, location: 2F 1-1: SINGLE (Groundball, 56S, EV 71.9 MPH) (infield hit) Konrad van Oosterhout to third Chris Arroyo to second
|
Batting: RHB Juan Bonilla
|
0-0: Called Strike 0-1: Ball 1-1: Foul Ball, location: 2F 1-2: Ball 2-2: Ball 3-2: Fly out, F8 (Flyball, 8RD, EV 92.5 MPH) Runner from 3rd tags up, SCORES, throw by CF Chris Arroyo to third
|
Batting: RHB Alvin Garcia
|
0-0: Called Strike 0-1: Fly out, F6 (Popup, 6, EV 75.0 MPH)
|
Bottom of the 3rd over - 1 run, 3 hits, 0 errors, 2 left on base; Oregon State University 0 - University of Maine 1 |
TOP OF THE 4TH |
Oregon State University Beavers batting - Pitching for University of Maine Black Bears : RHP Efren Ybanez
|
Batting: RHB Seth Fox
|
0-0: Called Strike 0-1: Foul Ball, location: 2F 0-2: Strikes out swinging
|
Batting: LHB Mike Becerra
|
0-0: Ball 1-0: Ball 2-0: Fly out, F9 (Flyball, 9S, EV 88.1 MPH)
|
Batting: RHB Noel Bodkin
|
0-0: Called Strike 0-1: Called Strike 0-2: Ball 1-2: SINGLE (Groundball, 4MD, EV 99.4 MPH)
|
Batting: RHB Tony Gallegos
|
0-0: Ball 1-0: Called Strike 1-1: Ball 2-1: Swinging Strike 2-2: Foul Ball, location: 2F 2-2: Ground out 6-3 (Groundball, P, EV 93.8 MPH)
|
Top of the 4th over - 0 runs, 1 hit, 0 errors, 1 left on base; Oregon State University 0 - University of Maine 1 |
BOTTOM OF THE 4TH |
University of Maine Black Bears batting - Pitching for Oregon State University Beavers : RHP Mike Randell
|
Batting: RHB Clark Meagher
|
0-0: Ball 1-0: SINGLE (Line Drive, 56D, EV 98.1 MPH)
|
Batting: RHB Jeff McClellan
|
0-0: Ball 1-0: Ball 2-0: Called Strike 2-1: Foul Ball, location: 2F 2-2: Foul Ball, location: 2F 2-2: Ball Passed Ball! Clark Meagher to second 3-2: SINGLE (Line Drive, 8RS, EV 112.5 MPH) Clark Meagher to third
|
Batting: RHB Ivan Navar
|
0-0: Ball 1-0: Called Strike 1-1: DOUBLE (Flyball, 78D, EV 108.1 MPH) Clark Meagher scores Jeff McClellan to third
|
Batting: RHB Konrad van Oosterhout
|
0-0: Ball 1-0: Ball 2-0: SINGLE (Line Drive, 56D, EV 102.5 MPH) Jeff McClellan scores Ivan Navar to third
|
Batting: RHB Ignacio Zapata
|
0-0: Called Strike 0-1: Ball 1-1: Swinging Strike 1-2: Ball 2-2: Strikes out swinging
|
Batting: RHB Chris Arroyo
|
0-0: Called Strike 0-1: Called Strike 0-2: Ball 1-2: Strikes out swinging
|
Batting: RHB Wataru Tani
|
0-0: Foul Ball, location: 2F 0-1: Ball 1-1: Foul Ball, location: 2F 1-2: Fly out, F4 (Line Drive, 4, EV 71.9 MPH)
|
Bottom of the 4th over - 2 runs, 4 hits, 0 errors, 2 left on base; Oregon State University 0 - University of Maine 3 |
TOP OF THE 5TH |
Oregon State University Beavers batting - Pitching for University of Maine Black Bears : RHP Efren Ybanez
|
Batting: RHB Joel Gomez
|
0-0: Ball 1-0: Called Strike 1-1: Foul Ball, location: 2F 1-2: Foul Ball, location: 2F 1-2: Ball 2-2: Foul Ball, location: 2F 2-2: Ball 3-2: Foul Ball, location: 2F 3-2: Ground out 4-3 (Groundball, 34, EV 99.4 MPH)
|
Batting: LHB Borislav Draganov
|
0-0: Called Strike 0-1: Ball 1-1: Called Strike 1-2: Strikes out swinging
|
Batting: LHB Edwin Bautista
|
0-0: Called Strike 0-1: Ball 1-1: Swinging Strike 1-2: Strikes out swinging
|
Top of the 5th over - 0 runs, 0 hits, 0 errors, 0 left on base; Oregon State University 0 - University of Maine 3 |
BOTTOM OF THE 5TH |
University of Maine Black Bears batting - Pitching for Oregon State University Beavers : RHP Mike Randell
|
Batting: RHB Juan Bonilla
|
0-0: Called Strike 0-1: DOUBLE (Flyball, 8RXD, EV 96.3 MPH)
|
Batting: RHB Alvin Garcia
|
0-0: Called Strike 0-1: Ball 1-1: Fly out, F8 (Flyball, 8LD, EV 84.4 MPH)
|
Batting: RHB Clark Meagher
|
0-0: Foul Ball, location: 2F 0-1: Ball 1-1: Foul Ball, location: 2F 1-2: SINGLE (Groundball, 6MD, EV 111.3 MPH) Juan Bonilla to third
|
Pitching: RHP Josue Rubio
|
|
Batting: RHB Jeff McClellan
|
0-0: Called Strike 0-1: Swinging Strike 0-2: SINGLE (Line Drive, 3D, EV 102.5 MPH) Juan Bonilla scores Clark Meagher to second
|
Batting: RHB Ivan Navar
|
0-0: Fly out, F7 (Line Drive, 7, EV 92.5 MPH)
|
Batting: RHB Konrad van Oosterhout
|
0-0: Ball 1-0: Ball 2-0: Ground out 4-3 (Groundball, 34, EV 88.8 MPH)
|
Bottom of the 5th over - 1 run, 3 hits, 0 errors, 2 left on base; Oregon State University 0 - University of Maine 4 |
TOP OF THE 6TH |
Oregon State University Beavers batting - Pitching for University of Maine Black Bears : RHP Efren Ybanez
|
Batting: RHB Itocravo Arrochela
|
0-0: Foul Ball, location: 2F 0-1: Ball 1-1: Foul Ball, location: 2F 1-2: Ball 2-2: Foul Ball, location: 2F 2-2: Foul Ball, location: 2F 2-2: SOLO HOME RUN (Flyball, 9LD, EV 93.1 MPH), Distance : 347 ft
|
Batting: RHB Hisao Takei
|
0-0: Ball 1-0: Ball 2-0: Ball 3-0: Called Strike 3-1: Base on Balls
|
Pitching: RHP Larry McPhee
|
|
Batting: RHB Seth Fox
|
0-0: Fly out, F7 (Flyball, 7, EV 92.5 MPH)
|
Batting: LHB Mike Becerra
|
0-0: Ball 1-0: SINGLE (Groundball, 34D, EV 109.4 MPH) Hisao Takei to second Runner from 2nd tries for 3rd, SAFE, throw by RF made at trailing runner, OUT! 9-6
|
Batting: RHB Noel Bodkin
|
0-0: SINGLE (Flyball, 56D, EV 93.1 MPH) Hisao Takei scores
|
Batting: RHB Tony Gallegos
|
0-0: Ball 1-0: Ball 2-0: Foul Ball, location: 2F 2-1: Foul Ball, location: 2F 2-2: Ball 3-2: 2-RUN HOME RUN (Flyball, 9D, EV 99.4 MPH), Distance : 390 ft
|
Batting: RHB Joel Gomez
|
0-0: Called Strike 0-1: Swinging Strike 0-2: Ball 1-2: Foul Ball, location: 2F 1-2: Ball 2-2: Foul Ball, location: 2F 2-2: Foul Ball, location: 2F 2-2: Foul Ball, location: 2F 2-2: Foul Ball, location: 2F 2-2: Fly out, F4 (Popup, 23, EV 80.0 MPH)
|
Top of the 6th over - 4 runs, 4 hits, 0 errors, 0 left on base; Oregon State University 4 - University of Maine 4 |
BOTTOM OF THE 6TH |
University of Maine Black Bears batting - Pitching for Oregon State University Beavers : RHP Josue Rubio
|
Batting: RHB Ignacio Zapata
|
0-0: Foul Ball, location: 2F 0-1: Ball 1-1: Foul Ball, location: 2F 1-2: Ball 2-2: Ball 3-2: SINGLE (Line Drive, 56D, EV 99.4 MPH)
|
Batting: RHB Chris Arroyo
|
0-0: Ball 1-0: SINGLE (Line Drive, 34D, EV 103.8 MPH) Ignacio Zapata to second
|
Batting: RHB Wataru Tani
|
0-0: Ball 1-0: Fly out, F7 (Flyball, 7S, EV 76.3 MPH)
|
Batting: RHB Juan Bonilla
|
0-0: Foul Ball, location: 2F 0-1: Ball 1-1: Ball 2-1: Fly out, F6 (Popup, P, EV 80.0 MPH)
|
Pinch Hitting: RHB Seung-kab Park
|
0-0: SINGLE (Groundball, 34D, EV 106.9 MPH) Ignacio Zapata to third Chris Arroyo to second
|
Batting: RHB Clark Meagher
|
0-0: Swinging Strike 0-1: Ball 1-1: Ball 2-1: Fly out, F8 (Line Drive, 8LM, EV 94.4 MPH)
|
Bottom of the 6th over - 0 runs, 3 hits, 0 errors, 3 left on base; Oregon State University 4 - University of Maine 4 |
TOP OF THE 7TH |
Oregon State University Beavers batting - Pitching for University of Maine Black Bears : RHP Larry McPhee
|
Pitching: RHP Jordan Martinez
|
|
Now at 1B: Jesus Escobedo
|
|
Batting: LHB Borislav Draganov
|
0-0: Foul Ball, location: 2F 0-1: Foul Ball, location: 2F 0-2: Foul Ball, location: 2F 0-2: Ball 1-2: Foul Ball, location: 2F 1-2: Strikes out swinging
|
Batting: LHB Edwin Bautista
|
0-0: Ball 1-0: Called Strike 1-1: SINGLE (Line Drive, 56, EV 100.0 MPH)
|
Batting: RHB Itocravo Arrochela
|
0-0: Ball 1-0: SINGLE (Flyball, 7LS, EV 90.0 MPH) Edwin Bautista to second
|
Batting: RHB Hisao Takei
|
0-0: Called Strike 0-1: Called Strike 0-2: Fly out, F5 (Flyball, 5D, EV 71.3 MPH)
|
Batting: RHB Seth Fox
|
0-0: Ball 1-0: Ball 2-0: Fielders Choice at 2nd, 6-4 (Groundball, 6, EV 102.5 MPH)
|
Top of the 7th over - 0 runs, 2 hits, 0 errors, 2 left on base; Oregon State University 4 - University of Maine 4 |
BOTTOM OF THE 7TH |
University of Maine Black Bears batting - Pitching for Oregon State University Beavers : RHP Josue Rubio
|
Pitching: LHP Antonio Sandoval
|
|
Batting: RHB Jeff McClellan
|
0-0: Ball 1-0: Called Strike 1-1: Fly out, F4 (Popup, 4, EV 80.0 MPH)
|
Batting: RHB Ivan Navar
|
0-0: Ball 1-0: Called Strike 1-1: Called Strike 1-2: Foul Ball, location: 2F 1-2: Ball 2-2: Ground out 4-3 (Groundball, 4M, EV 80.0 MPH)
|
Batting: RHB Konrad van Oosterhout
|
0-0: Foul Ball, location: 2F 0-1: Hit by Pitch
|
Batting: RHB Ignacio Zapata
|
0-0: Ball 1-0: Called Strike 1-1: Called Strike 1-2: Ball 2-2: Foul Ball, location: 2F 2-2: Ball 3-2: Strikes out swinging
|
Bottom of the 7th over - 0 runs, 0 hits, 0 errors, 1 left on base; Oregon State University 4 - University of Maine 4 |
TOP OF THE 8TH |
Oregon State University Beavers batting - Pitching for University of Maine Black Bears : RHP Jordan Martinez
|
Pitching: RHP David Espinosa
|
|
Batting: LHB Mike Becerra
|
0-0: Ball 1-0: Ground out 5-3 (Groundball, 56, EV 85.6 MPH)
|
Batting: RHB Noel Bodkin
|
0-0: Called Strike 0-1: Foul Ball, location: 2F 0-2: Ball 1-2: Foul Ball, location: 2F 1-2: Ball 2-2: Strikes out looking
|
Batting: RHB Tony Gallegos
|
0-0: Ball 1-0: Foul Ball, location: 2F 1-1: Called Strike 1-2: Ball 2-2: Foul Ball, location: 2F 2-2: Foul Ball, location: 2F 2-2: Strikes out swinging
|
Top of the 8th over - 0 runs, 0 hits, 0 errors, 0 left on base; Oregon State University 4 - University of Maine 4 |
BOTTOM OF THE 8TH |
University of Maine Black Bears batting - Pitching for Oregon State University Beavers : LHP Antonio Sandoval
|
Pitching: LHP Jonas Jennings
|
|
Batting: RHB Chris Arroyo
|
0-0: Foul Ball, location: 2F 0-1: Called Strike 0-2: Ball 1-2: Ball 2-2: Foul Ball, location: 2F 2-2: Strikes out looking
|
Batting: RHB Wataru Tani
|
0-0: Fly out, F7 (Flyball, 7LS, EV 81.9 MPH)
|
Batting: RHB Juan Bonilla
|
0-0: Ball 1-0: Called Strike 1-1: Ball 2-1: Ball 3-1: Foul Ball, location: 2F 3-2: Base on Balls
|
Batting: RHB Jesus Escobedo
|
0-0: 2-RUN HOME RUN (Flyball, 7D, EV 106.3 MPH), Distance : 387 ft
|
Batting: RHB Clark Meagher
|
0-0: Called Strike 0-1: Foul Ball, location: 2F 0-2: Strikes out looking
|
Bottom of the 8th over - 2 runs, 1 hit, 0 errors, 0 left on base; Oregon State University 4 - University of Maine 6 |
TOP OF THE 9TH |
Oregon State University Beavers batting - Pitching for University of Maine Black Bears : RHP David Espinosa
|
Now at 2B: Bobby Love
|
|
Now at SS: Jose Simental
|
|
Batting: RHB Joel Gomez
|
0-0: Called Strike 0-1: Ball 1-1: Swinging Strike 1-2: Ball 2-2: Foul Ball, location: 2F 2-2: Strikes out looking
|
Batting: LHB Borislav Draganov
|
0-0: Ground out U3 (Groundball, 3, EV 85.0 MPH)
|
Batting: LHB Edwin Bautista
|
0-0: Ball 1-0: Ground out 5-3 (Groundball, 56S, EV 61.9 MPH)
|
Top of the 9th over - 0 runs, 0 hits, 0 errors, 0 left on base; Oregon State University 4 - University of Maine 6 |
|